AoeStats
← Husánia

Oasis

507680528Analyzed
2v2 RM · 13d ago on Sep 19, 2026· 58m 16s· 4 players
Game mode
Random Map
Map size
Medium (4 player)
Population
200
Speed
Normal
Resources
Standard
Victory
Conquest
Starting age
Dark Age
Ending age
Imperial Age
RankedLock teamsTeams togetherTeam positionsShared explorationLock speedFull tech treeHidden civsTurbo modeCheats
Victory
Defeat
🇭🇺 Saracens · Hungary
804
+14
🇭🇺 Armenians · Hungary
781
+15
🇪🇸 Huns · Spain
773
-16
732
-13
[LP]-ЧВК"РЕДУТ"[LP]
12:06 Feudal Age
12:51 Double-Bit Axe
14:44 Bloodlines
24:28 Horse Collar
28:23 Gold Mining
28:23 Stone Mining
31:49 Castle Age
32:09 Castle Age
31:03 Wheelbarrow
33:23 Heavy Plow
33:41 Bow Saw
34:27 Fletching
34:38 Padded Archer Armor
34:49 Forging
34:42 Scale Mail Armor
35:55 Hand Cart
35:41 Pikeman
36:22 Squires
36:07 Arson
37:52 Iron Casting
37:23 Scale Barding Armor
37:35 Chain Mail Armor
37:16 Bodkin Arrow
37:37 Leather Archer Armor
37:53 Murder Holes
41:06 Imperial Age
43:26 Elite Kipchak
44:49 Ring Archer Armor
47:06 Light Cavalry
52:36 Hussar
54:53 Blast Furnace
54:23 Plate Mail Armor
54:02 Scale Barding Armor
Miguel el Económico
9:40 Feudal Age
10:34 Double-Bit Axe
12:18 Wheelbarrow
11:40 Horse Collar
13:03 Loom
15:18 Forging
18:22 Stone Mining
19:38 Gold Mining
24:00 Castle Age
23:32 Bloodlines
23:33 Scale Barding Armor
25:36 Bow Saw
25:29 Heavy Plow
25:11 Pikeman
Husánia
8:09 Loom
12:17 Feudal Age
12:35 Man-at-Arms
16:14 Arson
15:50 Long Swordsman
17:16 Pikeman
29:00 Double-Bit Axe
28:59 Horse Collar
40:23 Castle Age
40:27 Forging
40:18 Scale Mail Armor
42:23 Crossbowman
43:05 Fletching
43:19 Padded Archer Armor
43:27 Caravan
43:21 Elite Skirmisher
44:25 Leather Archer Armor
44:44 Bow Saw
44:52 Heavy Plow
47:59 Halberdier
Mathman
4:56 Loom
9:19 Feudal Age
10:02 Double-Bit Axe
9:59 Horse Collar
12:38 Town Watch
15:14 Forging
20:39 Castle Age
18:35 Gold Mining
20:00 Wheelbarrow
20:06 Scale Barding Armor
20:58 Bloodlines
23:22 Iron Casting
25:05 Bow Saw
24:57 Heavy Plow
28:32 Chain Barding Armor
29:19 Hand Cart
37:46 Imperial Age
36:24 Caravan
36:37 Stone Mining
39:54 Onager
42:02 Blast Furnace
41:37 Plate Barding Armor
43:55 Siege Onager
47:44 Siege Engineers
49:02 Elite Mameluke
50:23 Conscription
Connection lost

Rejoining the realm…

Still unreachable

The connection could not be restored.

Session expired

The server has moved on; the page needs a fresh start.